 Dungeon Crawl Stone Soup version 0.17-a0-1387-g00d4e61 (webtiles) character file.

94 Lektor the Magician (level 4, 0/36 HPs)
             Began as a Naga Wizard on June 16, 2015.
             Slain by Mulkerokala's ghost (3 damage)
             ... on level 3 of the Dungeon.
             The game lasted 00:13:10 (2250 turns).

Lektor the Magician (Naga Wizard)                   Turns: 2250, Time: 00:13:10

Health: 0/36       AC:  3    Str:  9    XL:     4   Next: 63%
Magic:  10/18      EV: 15    Int: 19    God:
Gold:   188        SH:  0    Dex: 15    Spells: 3 memorised, 2 levels left

rFire  . . .     SeeInvis +     g - +0 dagger
rCold  . . .     Clarity  .     y - +0 robe
rNeg   . . .     SustAt   .     (no shield)
rPois  +         Gourm    .     b - +1 hat
rElec  .         Spirit   .     (no cloak)
rCorr  .         Warding  .     (no gloves)
rMut   .         Stasis   .     (no barding)
MR     .....                    t - amulet of inaccuracy (curse)
Stlth  ++........               n - ring of magical power
                                u - ring of loudness (curse)

@: agile, about to teleport, very slightly contaminated, invisible (expiring),
very slow, not resistant to hostile enchantments, unstealthy
A: see invisible, deformed body, poison resistance, slowness 2, slow metabolism
1, spit poison 2, AC +1
a: Spit Poison


You were on level 3 of the Dungeon.
You were hungry.

You visited 1 branch of the dungeon, and saw 3 of its levels.

You collected 188 gold pieces.

Inventory:

Hand weapons
 g - a +0 dagger (weapon)
Missiles
 e - 6 poisoned needles
 i - 31 stones (quivered)
 w - 11 arrows
 x - 16 sling bullets
Armour
 a - a +0 robe
 b - a +1 hat (worn)
 y - a +0 robe (worn)
Jewellery
 h - a +2 ring of evasion
 n - a ring of magical power (right hand)
 r - an uncursed ring of positive energy
 t - a cursed amulet of inaccuracy (around neck)
 u - a cursed ring of loudness (left hand)
 A - an uncursed ring of ice {unknown}
Scrolls
 j - a scroll of amnesia
 v - a scroll of teleportation
Potions
 f - 3 potions of invisibility
Books
 c - a book of Minor Magic

   Spells                             Type                      Level
   a - Magic Dart                     Conjuration                  1
   b - Blink                          Translocation                2
   c - Call Imp                       Summoning                    2
   d - Repel Missiles                 Charms/Air                   2
   e - Slow                           Hexes                        2
   f - Conjure Flame                  Conjuration/Fire             3
   g - Mephitic Cloud                 Conjuration/Poison/Air       3
Comestibles
 d - 2 bread rations
 l - a beef jerky
 o - 2 chunks of flesh
 z - 4 fruits


   Skills:
 - Level 1.6 Dodging
 - Level 3.0 Stealth
 - Level 3.3 Spellcasting
 + Level 3.1 Conjurations
   Level 1.0 Summonings
   Level 1.0 Translocations
 + Level 1.0 Air Magic
 + Level 2.3 Poison Magic


You had 2 spell levels left.
You knew the following spells:

 Your Spells              Type           Power        Failure   Level  Hunger
a - Magic Dart            Conj           ##..         6%          1    None
b - Mephitic Cloud        Conj/Pois/Air  ##......     21%         3    ###....
c - Conjure Flame         Conj/Fire      #.......     28%         3    ###....


Dungeon Overview and Level Annotations

Branches:
Dungeon (3/15)

Altars:

Annotations:
D:3 Mulkerokala's ghost, average HuSu


Innate Abilities, Weirdness & Mutations

You cannot wear boots.
Your serpentine skin is tough (AC +1).
You have supernaturally acute eyesight.
Armour fits poorly on your strangely shaped body.
Your system is resistant to poisons.
You cover ground very slowly.
You have a slow metabolism.
You can spit poison.


Message History

The bat hits you but does no damage. Mulkerokala's ghost hits you.
* * * LOW HITPOINT WARNING * * *
The shadow imp hits you but does no damage.
The crimson imp hits you but does no damage.
Casting: Magic Dart
Confirm with . or Enter, or press ? or * to list all spells.
Aiming: Magic Dart
Press: ? - help, Shift-Dir - straight line, f/p - Mulkerokala's ghost
Aim: Mulkerokala's ghost (severely damaged)
The magic dart hits Mulkerokala's ghost.
Mulkerokala's ghost is severely damaged.
You feel less woody.
Your +1 hat unmelds from your body.
Your +0 robe unmelds from your body.
The giant cockroach barely misses you. Mulkerokala's ghost barely misses you.
The shadow imp closely misses you. The crimson imp closely misses you.
Read which item? (? for menu, Esc to quit)
As you read the scroll of teleportation, it crumbles to dust.
You feel strangely unstable. The giant cockroach barely misses you.
Mulkerokala's ghost hits you.
You die...

............#
........#..#
##.#.....#..###
..............#
#.#.##.###.###
..#.##.# #.#
###.####b##.#
#.#
......†s55..#
#.#
###.####@##.#
#.# #W##.# #.#
#r##.# #.#
#r##.# #.#
#.##.# ###
#.##.# ..# (#
###


You could see Mulkerokala's ghost, a crimson imp, a shadow imp, a quokka, a
giant cockroach, a bat and a rat.

Vanquished Creatures
  A worker ant (D:3)
  3 adders
  A giant gecko (D:2)
  2 orcs (D:3)
  3 giant cockroaches
  5 hobgoblins
  3 kobolds (D:1)
  A ball python (D:3)
  9 bats
  4 giant newts
  5 goblins
  2 jackals (D:2)
  6 rats
45 creatures vanquished.

Notes
Turn   | Place    | Note
--------------------------------------------------------------
     0 | D:1      | Lektor the Naga Wizard began the quest for the Orb.
     0 | D:1      | Reached XP level 1. HP: 15/15 MP: 4/4
   402 | D:1      | Reached XP level 2. HP: 22/22 MP: 4/6
  1415 | D:2      | Reached XP level 3. HP: 21/28 MP: 7/7
  1420 | D:2      | Learned a level 3 spell: Mephitic Cloud
  1424 | D:2      | Learned a level 3 spell: Conjure Flame
  1807 | D:3      | Reached skill level 1 in Poison Magic
  1807 | D:3      | Reached XP level 4. HP: 28/36 MP: 9/9
  1839 | D:3      | Noticed Mulkerokala's ghost (average HuSu)
  2205 | D:3      | Reached skill level 1 in Air Magic
  2250 | D:3      | Slain by Mulkerokala's ghost

Vault maps used:
D:1:      minmay_arrival_semitransparent

Action                   |  1- 3 |  4- 6 || total
-------------------------+-------+-------++-------
Melee: Dagger            |     8 |    22 ||    30
 Cast: Magic Dart        |    66 |    34 ||   100
       Mephitic Cloud    |       |     2 ||     2
 Abil: Spit Poison       |     8 |     6 ||    14
  Use: Scroll            |     4 |     3 ||     7
       Potion            |       |     7 ||     7
 Stab: Sleeping          |     1 |       ||     1
       Invisible         |       |     3 ||     3
  Eat: Chunk             |     2 |     1 ||     3
